 Dungeon Crawl Stone Soup version 0.14-a0-2374-ge879b5e (webtiles) character file.

237 M4edhros the Vandal (level 4, -4/28 HPs)
             Began as an Octopode Hunter on Feb 1, 2014.
             Slain by an orc wizard
             ... wielding a -1,+0 orcish falchion
              (10 damage)
             ... on Level 3 of the Dungeon.
             The game lasted 00:02:47 (1537 turns).

M4edhros the Vandal (Octopode Hunter)               Turns: 1537, Time: 00:02:47

HP  -4/28        AC  1     Str 11      XL: 4   Next: 34%
MP   4/4         EV 12     Int 13      God:
Gold 160         SH  0     Dex 13      Spells:  0 memorised,  3 levels left

rFire  . . .     SeeInvis .     b - +1 sling
rCold  . . .     Clarity  .     (no shield)
rNeg   . . .     Conserve .     (helmet restricted)
rPois  .         rCorr    .     (no amulet)
rElec  .         rRot     .     (no ring)
SustAb . .       Spirit   .     (no ring)
rMut   .         Warding  .     (no ring)
Saprov . . .     Stasis   .     (no ring)
MR     .....                    (no ring)
                                (no ring)
                                (no ring)
                                (no ring)

@: not resistant to hostile enchantments, stealthy
A: almost no armour, amphibious, 8 rings, constrict 8, camouflage 1, gelatinous
body 1
a: no special abilities


You were on level 3 of the Dungeon.
You were hungry.

You visited 1 branch of the dungeon, and saw 3 of its levels.

You collected 160 gold pieces.

Inventory:

Hand weapons
 a - a +0,+0 short sword
 b - a +1,+1 sling (weapon)
Missiles
 c - 68 sling bullets (quivered)
 g - 5 tomahawks of returning
 h - 22 stones
 n - 4 javelins
Magical devices
 o - a wand of teleportation (3) {unknown}
Comestibles
 f - 2 bread rations
 j - 17 grapes
 k - a choko
 q - a royal jelly
Scrolls
 d - 2 scrolls of curse armour {unknown}
 i - a scroll of noise {unknown}
 r - a scroll of blinking {unknown}
 s - a scroll of magic mapping {unknown}
Potions
 l - 2 potions of confusion {unknown}
 m - a potion of restore abilities {unknown}
 p - a potion of brilliance {unknown}


   Skills:
 - Level 1.0 Fighting
 + Level 5.1 Slings
 + Level 3.4 Throwing
 - Level 2.0 Dodging
 - Level 1.3 Stealth


You had 3 spell levels left.
You didn't know any spells.

Dungeon Overview and Level Annotations

Branches:
Dungeon (3/16)

Altars:


Innate Abilities, Weirdness & Mutations

You cannot wear most types of armour.
You are amphibious.
You can wear up to eight rings at the same time.
You can use your tentacles to constrict many enemies at once.
Your skin changes colour to match your surroundings (Stlth).
Your rubbery body absorbs attacks (AC +1).


Message History

Okay, then.
Drink which item? (? for menu, Esc to quit)
You feel better.
You hear some strange, mumbled words.
A puff of flame appears from out of thin air!
The puff of flame hits you!
Quiver which item? (- for none, * to show all) (? for menu, Esc to quit)
Quivering
c - 70 sling bullets for slings.
Firing (i - inventory. (,) - cycle):
c - 70 sling bullets (quivered)
Press: ? - help, Shift-Dir - straight line, f - orc
Aim: an orc, wielding an orcish flail You shoot a sling bullet.
The sling bullet hits the orc.
The orc is moderately wounded.
Something barely misses you. Something hits you.
* * * LOW HITPOINT WARNING * * *
Firing (i - inventory. (,) - cycle):
c - 69 sling bullets (quivered)
Press: ? - help, Shift-Dir - straight line, f - orc
Aim: an orc, wielding an orcish flail (moderately wounded)
You shoot a sling bullet. The sling bullet misses the orc.
Something hits you!
You die...

#.. .((( #.# .(...
##)##(.....
#######...#.(..(.
.........#(()((<..# .
#..# #.(.# #. #..#
###(## . #. #..# #..o#
..# #.#########.)#
#@### ...
#.#.......)..###.####.#
#.#
#.#.#######...........#
#.# #.#.# #..###)######
#.# #.#.# #..# #.# #.#
#...# #..#
#.########.### #.#.#
#..# #<...........#
#.#.# #..#
##########.#.#
#...#######..# #.# .


You could see an orc.

Vanquished Creatures
  2 adders
  A worm (D:2)
  3 giant geckos
  5 orcs (D:3)
  2 giant cockroaches (D:2)
  4 hobgoblins
  5 jackals
  6 kobolds
  An ooze (D:2)
  4 bats
  2 giant newts (D:1)
  5 goblins
  5 rats
45 creatures vanquished.

Notes
Turn   | Place    | Note
--------------------------------------------------------------
     0 | D:1      | M4edhros, the Octopode Hunter, began the quest for the Orb.
     0 | D:1      | Reached XP level 1. HP: 13/13 MP: 1/1
   110 | D:1      | Reached XP level 2. HP: 18/18 MP: 2/2
   236 | D:1      | Reached skill level 1 in Throwing
   236 | D:1      | Reached XP level 3. HP: 11/23 MP: 3/3
  1069 | D:2      | Reached XP level 4. HP: 28/28 MP: 4/4
  1094 | D:2      | Reached skill level 5 in Slings
  1537 | D:3      | Slain by an orc wizard

Action                   |  1- 3 |  4- 6 || total
-------------------------+-------+-------++-------
 Fire: Sling             |    83 |    52 ||   135
  Use: Potion            |     2 |     1 ||     3
